 Dungeon Sprint DCSS version 0.22.1-1-ga44c0e56f4 (webtiles) character file.

257 MuseOD the Spear-Bearer (level 6, -8/58 HPs)
             Began as a Merfolk Berserker on Oct 7, 2018.
             Was a Believer of Trog.
             Engulfed by a cloud of freezing vapour (14 damage)
             ... in the Dungeon (Sprint II: "The Violet Keep of Menkaure").
             The game lasted 00:00:36 (201 turns).

MuseOD the Spear-Bearer (Merfolk Berserker)          Turns: 201, Time: 00:00:37

Health: -8/58      AC:  4    Str: 19    XL:     6   Next: 16%
Magic:  6/6        EV: 15    Int:  6    God:    Trog [**....]
Gold:   486        SH:  0    Dex: 14    Spells: 5/5 levels left

rFire    . . .     SeeInvis .   a - +0 spear
rCold    . . .     Gourm    .   (no shield)
rNeg     . . .     Faith    .   b - +0 animal skin
rPois    .         Spirit   .   (no helmet)
rElec    .         Reflect  .   (no cloak)
rCorr    .         Harm     .   (no gloves)
MR       .....     NoTele   +   (no boots)
Stlth    +.........             (no amulet)
HPRegen  0.19/turn              (no ring)
MPRegen  0.10/turn              (no ring)

@: no status effects
A: change form in water, swift swim, stealthy swim, iridescent scales 1
a: Berserk, Trog's Hand, Renounce Religion


You were in the Dungeon.
You worshipped Trog.
Trog was pleased with you.
You were not hungry.

You visited 1 branch You collected 486 gold pieces.

Inventory:

Hand Weapons
 a - a +0 spear (weapon)
Armour
 b - a +0 animal skin (worn)
Scrolls
 i - a scroll of blinking
Potions
 d - a potion of curing
 e - a potion of heal wounds
 f - a potion of haste
 g - 2 potions of magic
 h - a potion of berserk rage
Comestibles
 c - a ration


   Skills:
 + Level 9.0 Fighting
 + Level 11.6 Polearms
 + Level 3.2 Armour
 + Level 6.0 Dodging


You had 5 spell levels left.
You didn't know any spells.
Your spell library was empty.

Dungeon Overview and Level Annotations

Branches:
Dungeon (1/1)

Altars:

Annotations:
D exclusion: ice statue


Innate Abilities, Weirdness & Mutations

You revert to your normal form in water.
You are very nimble and swift while swimming.
You are very stealthy in the water. (Stealth+)
You are partially covered in iridescent scales. (AC +2)


Message History

Marking area around the ice statue as unsafe for travelling.
You now have 486 gold pieces (gained 243).
There are no items here.
You are engulfed in freezing vapours.
There is an open door here.
A crocodile comes into view.
You are engulfed in freezing vapours.
Unknown command.
Attack whom?
Press: ? - help, Dir - move target cursor, f - crocodile
Aim: a crocodile (resting)
You reach to attack!
The helpless crocodile fails to defend itself.
You hit the crocodile.
The crocodile is lightly wounded.
You are engulfed in freezing vapours.
* * * LOW HITPOINT WARNING * * *
Unknown command.
You are engulfed in freezing vapours.
You die...

+####
§§§§§≈§##
§§§§≈§§##
§§8§§§§§#
§§§§≈≈# §§§≈≈#
##≈≈#+++#'§§##
#≈≈≈..t§§..§§#
#≈≈≈≈.##@##..#
#≈≈≈≈ #...##
#≈≈≈ #..##.#
#≈≈ ####.####
# #≈ #'###.#
.# #
##.##.###..#
+.<.†##.+..#
##.##...#....#
#+###.## .....


You could see an ice statue and a crocodile.

Vanquished Creatures
  2 neqoxecs (D)
  A worm (D)
3 creatures vanquished.

Vanquished Creatures (others)
  A neqoxec (D)
  Menkaure (D)
  A crocodile (D)
  2 worms (D)
5 creatures vanquished.

Grand Total: 8 creatures vanquished

Notes
Turn   | Place    | Note
-------+----------+-------------------------------------------
     0 | D        | MuseOD the Merfolk Berserker began the quest for the Orb.
     0 | D        | Reached XP level 1. HP: 18/18 MP: 1/1
     4 | D        | Noticed a neqoxec
     4 | D        | Noticed a neqoxec
    11 | D        | Noticed an iron imp
    12 | D        | Gained mutation: You are partially covered in iridescent
                  | scales. (AC +2) [a neqoxec]
    15 | D        | Killed a neqoxec
    15 | D        | Reached skill level 9 in Polearms
    15 | D        | Reached XP level 2. HP: 30/31 MP: 2/2
    15 | D        | Reached XP level 3. HP: 35/36 MP: 3/3
    15 | D        | Reached XP level 4. HP: 42/43 MP: 4/4
    15 | D        | Reached XP level 5. HP: 47/48 MP: 5/5
    23 | D        | Killed a neqoxec
    23 | D        | Reached ** piety under Trog
    23 | D        | Reached skill level 11 in Polearms
    23 | D        | Reached XP level 6. HP: 52/58 MP: 6/6
    38 | D        | Noticed a neqoxec
    65 | D        | Killed Menkaure
    83 | D        | Killed a neqoxec
   195 | D        | Noticed an ice statue
   201 | D        | Engulfed by a cloud of freezing vapour

Skill      XL: |  1  2  3  4  5 |
---------------+----------------+-----
Fighting       | 7 9 |  9.0
Polearms       | 9 11 | 11.6
Armour         | 2 3 |  3.2
Dodging        | 4 6 |  6.0

Action                   |  1- 3 |  4- 6 || total
-------------------------+-------+-------++-------
Melee: Spear             |    10 |    11 ||    21
Invok: Berserk           |     1 |     1 ||     2
 Stab: Sleeping          |       |     1 ||     1
Armor: Animal skin       |     1 |       ||     1
Dodge: Dodged            |     4 |     1 ||     5
